 Dungeon Crawl Stone Soup version 0.29-a0-322-g68df515428 (webtiles) character file.

Game seed: 16883838160433160072

38 101zpm the Skirmisher (level 3, -1/23 HPs)
             Began as a Gargoyle Fighter on Apr 8, 2022.
             Slain by Ijyb
             ... wielding a +5 club
              (5 damage)
             ... on level 2 of the Dungeon.
             The game lasted 00:02:08 (1889 turns).

101zpm the Skirmisher (Gargoyle Fighter)            Turns: 1889, Time: 00:02:09

Health: -1/23      AC: 10    Str: 21    XL:     3   Next: 43%
Magic:  3/3        EV:  9    Int:  8    God:
Gold:   78         SH:  4    Dex:  9    Spells: 2/2 levels left

rFire   . . .      SeeInvis .   j - +3 dagger (elec)
rCold   . . .      Faith    .   c - +0 buckler
rNeg    + . .      Spirit   .   b - +0 scale mail
rPois   ∞          Reflect  .   (no helmet)
rElec   +          Harm     .   (no cloak)
rCorr   .          Rampage  .   (no gloves)
Will    .....                   (no boots)
Stlth   ..........              (no amulet)
HPRegen 0.07/turn               (no ring)
MPRegen 0.08/turn               (no ring)

@: no status effects
A: sickness immunity, AC +3, negative energy resistance 1, electricity
resistance, torment resistance 1, petrification resistance
a: no special abilities


You were on level 2 of the Dungeon.
You visited 1 branch of the dungeon, and saw 2 of its levels.

You collected 78 gold pieces.

Inventory:

Hand Weapons
 a - a +0 flail
 j - a +3 dagger of electrocution (weapon)
Missiles
 h - 6 poisoned darts (quivered)
Armour
 b - a +0 scale mail (worn)
 c - a +0 buckler (worn)
Scrolls
 e - 3 scrolls of identify {unknown}
 f - a scroll of noise {unknown}
 m - a scroll of teleportation {unknown}
Potions
 d - a potion of might
 g - a potion of resistance {unknown}
 i - a potion of heal wounds {unknown}
 k - a potion of flight {unknown}
 l - a potion of invisibility {unknown}
 n - a potion of curing {unknown}


   Skills:
 + Level 3.6 Fighting
 + Level 0.1 Short Blades
 + Level 2.8 Maces & Flails
 + Level 3.6 Armour
 + Level 0.2 Dodging
 + Level 3.4 Shields


You had 2 spell levels left.
You didn't know any spells.
Your spell library contained the following spells:

 Spells                   Type           Power      Damage    Failure   Level
 Foxfire                  Conj/Fire      0%         2x1d4     83%         1
 Corpse Rot               Necr/Air       0%         N/A       93%         2
 Conjure Flame            Conj/Fire      0%         6-21      99%         3
 Inner Flame              Hex/Fire       0%         N/A       99%         3
 Dispel Undead            Necr           0%         3d6       100%        4
 Flame Wave               Conj/Fire      0%         2d4       100%        4
 Death Channel            Necr           0%         N/A       100%        6


Dungeon Overview and Level Annotations

Branches:
Dungeon (2/15)

Altars:

Shops:
D:1 (

Annotations:
D:2 Ijyb


Innate Abilities, Weirdness & Mutations

You are immune to sickness and miasma.
Your stone body is resilient. (AC +3)
You are immune to poison.
You resist negative energy. (rN+)
You are resistant to electric shocks. (rElec)
You are resistant to unholy torment.
You are immune to petrification.


Message History

The goblin hits you but does no damage. The goblin hits you with a +0 club.
You hit the goblin.
You kill the goblin!
The goblin closely misses you. The goblin hits you but does no damage.
You closely miss Ijyb. The goblin barely misses you.
The goblin hits you but does no damage.
You closely miss Ijyb. Ijyb hits you but does no damage.
The goblin hits you but does no damage. x2; The goblin barely misses you.
The goblin unwields a +0 dagger.
The goblin wields a +0 hunting sling.
The goblin shoots a sling bullet.
The sling bullet closely misses you. The goblin hits you with a +0 club.
You are too injured to fight recklessly!
You are too injured to fight recklessly!
You are too injured to fight recklessly!
You block the goblin's attack. The goblin attacks as you move away!
The goblin hits you but does no damage.
Ijyb screams, "It's all mine!"
The goblin attacks as you move away! The goblin hits you but does no damage.
Ijyb attacks as you move away! Ijyb hits you with a +5 club.
* * * LOW HITPOINT WARNING * * *
You hit Ijyb.
Ijyb is lightly wounded.
Ijyb closely misses you.
You hit Ijyb.
Ijyb is lightly wounded.
Ijyb zaps a wand.
You resist with significant effort.
You hit Ijyb.
Ijyb is moderately wounded.
Ijyb hits you with a +5 club.
* * * LOW HITPOINT WARNING * * *
You barely miss Ijyb.
Ijyb is moderately wounded.
Ijyb hits you but does no damage.
You closely miss Ijyb.
Ijyb is moderately wounded.
You block Ijyb's attack. You block the goblin's attack.
You hit Ijyb but do no damage.
Ijyb is moderately wounded.
You block the goblin's attack. Ijyb hits you with a +5 club.
You die...

###[####.#.#####.#.....# ######
......##.#.# #.#....># #.....
......##.#.#####.#...#.# #.####
.......#.#.....#.#####.#####.#
.......#.#.###.#.#####.##....#
.......# #.# #.#.#.....##.####
.......#.#####.#<#.######.#######
.......#.......gg#.# #.#......
######.#######.#@#.# #.#.#####
#.........#g#.# #.#.# ##
##########.gg.# #.#.# #.
.8.8.8)8.....# #.#.# #.
.............# #.#.# #.
!.......)....# #.#.# #.
............## #.#.# #.
(...........# #.#.# #.
............# #.#.# #.


You could see Ijyb and 4 goblins.

Vanquished Creatures
  A worm (D:2)
  A dart slug (D:1)
  2 ball pythons (D:2)
  A bat (D:1)
  A giant cockroach (D:1)
  5 goblins
  6 hobgoblins
  5 quokkas
  A frilled lizard (D:1)
  3 kobolds
  2 rats (D:1)
28 creatures vanquished.

Notes
Turn   | Place    | Note
-------+----------+-------------------------------------------
     0 | D:1      | 101zpm the Gargoyle Fighter began the quest for the Orb.
     0 | D:1      | Reached XP level 1. HP: 14/14 MP: 1/1
   453 | D:1      | Reached XP level 2. HP: 16/19 MP: 2/2
   536 | D:1      | Found Jimuc's Weapon Emporium.
  1363 | D:2      | Reached XP level 3. HP: 23/23 MP: 3/3
  1485 | D:2      | Found a faded altar of an unknown god.
  1872 | D:2      | Noticed Ijyb
  1889 | D:2      | Slain by Ijyb

Illustrated notes

Levels and vault maps discovered:
D:1:      sevenhm_arrival_forest_fort_small_3, layout_rooms, serial_shops,
          nicolae_shop_bloodbath_and_beyond, serial_co_window_serial,
          co_window_corner_a, co_window_paths_b, co_window_of_opportunity_a,
          co_window_of_opportunity_a, co_window_paths_b, co_window_paths_a,
          co_window_corner_b, co_window_cross_3, co_window_of_opportunity_c,
          co_window_corner_b, co_window_corner_ca, co_window_broadway_a,
          glass_columns_a, glass_columns_c, glass_columns_a, glass_columns_c,
          glass_columns_a
D:2:      kennysheep_the_goblin_king, layout_basic,
          ebering_ecumenical_altar_mist

Action                   || total
-------------------------++-------
Melee: Flail             ||    71
       Dagger            ||    41
Armor: Scale mail        ||    55
Dodge: Dodged            ||    62
Block: Buckler           ||    28

Table legend: (Time is in decaauts)
 A = Elapsed time spent in this place.
 B = Non-inter-level travel time spent in this place.
 C = Inter-level travel time spent in this place.
 D = Time resting spent in this place.
 E = Time spent auto-exploring this place.
 F = Levels seen in this place.
 G = Mean time per level.
                   A        B        C        D        E       F      G
               +--------+--------+--------+--------+--------+-----+--------+
         Total |   1914 |   1868 |     46 |    264 |   1348 |   2 |  957.0 |
       Dungeon |   1914 |   1868 |     46 |    264 |   1348 |   2 |  957.0 |
               +--------+--------+--------+--------+--------+-----+--------+

Top non-repeatable levels by time:
     D:1: 1342 daAuts
     D:2: 571 daAuts
